 Dungeon Crawl Stone Soup version 0.26-a0-597-gb535b0901c (webtiles) character file.

Game seed: 15392992718260641145

10 Alarkh the Grave Robber (level 2, -1/20 HPs)
             Began as a Demonspawn Necromancer on Aug 31, 2020.
             Slain by a jackal (2 damage)
             ... on level 1 of the Dungeon.
             The game lasted 00:00:45 (229 turns).

Alarkh the Grave Robber (Demonspawn Necromancer)     Turns: 229, Time: 00:00:45

Health: -1/20      AC:  2    Str:  8    XL:     2   Next: 10%
Magic:  1/5        EV: 12    Int: 16    God:
Gold:   0          SH:  0    Dex: 13    Spells: 4/5 levels left

rFire    . . .     SeeInvis .   (no weapon)
rCold    . . .     Faith    .   (no shield)
rNeg     . . .     Spirit   .   a - +0 robe
rPois    .         Reflect  .   (no helmet)
rElec    .         Harm     .   (no cloak)
rCorr    .                      (no gloves)
MR       .....                  (no boots)
Stlth    ++........             (no amulet)
HPRegen  0.06/turn              (no ring)
MPRegen  0.09/turn              (no ring)

@: mighty
A: claws 1
a: no special abilities


You were on level 1 of the Dungeon.
You visited 1 branch of the dungeon, and saw 1 of its levels.

Inventory:

Armour
 a - a +0 robe (worn)
Scrolls
 c - a scroll of teleportation {unknown}
Potions
 d - a potion of degeneration {unknown}
 e - a potion of resistance {unknown}
 f - a potion of haste {unknown}


   Skills:
 + Level 0.5 Fighting
 - Level 1.7 Dodging
 - Level 1.7 Stealth
 * Level 0.9 Unarmed Combat
 + Level 2.1 Spellcasting
 + Level 4.5 Necromancy


You had 4 spell levels left.
You knew the following spells:

 Your Spells              Type           Power        Failure   Level
a - Pain                  Necr           ###.         3%          1

Your spell library contained the following spells:

 Spells                   Type           Power        Failure   Level
 Animate Skeleton         Necr           ###...       3%          1
 Vampiric Draining        Necr           ###.......   10%         3
 Animate Dead             Necr           ###.......   32%         4
 Agony                    Necr           ###.....     65%         5


Dungeon Overview and Level Annotations

Branches:
Dungeon (1/15)

Altars:


Innate Abilities, Weirdness & Mutations

You have sharp fingernails.


Message History

The jackal closely misses you.
You barely miss the jackal.
The jackal is moderately wounded.
The jackal bites you.
* * * LOW HITPOINT WARNING * * *
The jackal bites you but does no damage.
You punch the jackal!
You kill the jackal!
You have reached level 2!
You feel monstrous as your demonic heritage exerts itself.
Your demonic ancestry asserts itself...
Your fingernails lengthen.
The jackal barely misses you.
You claw the jackal!
You kill the jackal!
You barely miss the jackal. The jackal closely misses you.
You closely miss the jackal. The jackal bites you.
* * * LOW HITPOINT WARNING * * *
The jackal bites you.
You die...

#.#.....#.....##.##
#.#.......#.#.....
#.#.....#.........
#.##...##....).#...
#.#######......#.#.
#..............# #
#..............#
###########h#..# #..
#@#..# ... #######.#..#
.# #. #..........# #.#
#. #..........# #.####
#.
#..........#####....#
#######........#....#
###########...........#
#.....................#
##
###.##................#
#.


You could see a jackal.

Vanquished Creatures
  2 goblins (D:1)
  2 hobgoblins (D:1)
  3 jackals (D:1)
  A bat (D:1)
  A rat (D:1)
9 creatures vanquished.

Notes
Turn   | Place    | Note
-------+----------+-------------------------------------------
     0 | D:1      | Alarkh the Demonspawn Necromancer began the quest for the
                  | Orb.
     0 | D:1      | Reached XP level 1. HP: 13/13 MP: 3/3
   226 | D:1      | Gained mutation: You have sharp fingernails. [demonic
                  | ancestry]
   226 | D:1      | Reached XP level 2. HP: 4/20 MP: 1/5
   229 | D:1      | HP: 1/20 [jackal (3)]
   229 | D:1      | Slain by a jackal

Illustrated notes

Levels and vault maps discovered:
D:1:      lordsloth_arrival_two_stooges, layout_basic,
          minmay_misc_feat_enclosed, palyth_stone_intersect

Action                   || total
-------------------------++-------
Melee: Unarmed           ||     6
 Cast: Pain              ||    13
  Use: Potion            ||     1
Armor: Robe              ||     2
Dodge: Dodged            ||    12

Table legend: (Time is in decaauts)
 A = Elapsed time spent in this place.
 B = Non-inter-level travel time spent in this place.
 C = Inter-level travel time spent in this place.
 D = Time resting spent in this place.
 E = Time spent auto-exploring this place.
 F = Levels seen in this place.
 G = Mean time per level.
                   A        B        C        D        E       F      G
               +--------+--------+--------+--------+--------+-----+--------+
         Total |    228 |    228 |      0 |     33 |    108 |   1 |  228.0 |
       Dungeon |    228 |    228 |      0 |     33 |    108 |   1 |  228.0 |
               +--------+--------+--------+--------+--------+-----+--------+

Top non-repeatable levels by time:
     D:1: 228 daAuts
